 Dungeon Crawl Stone Soup version 0.23.2-30-g0e89c35649 (webtiles) character file.

Game seed: 3668982800469733329

12677 doot the Thaumaturge (level 11, -1/57 HPs)
             Began as a Deep Elf Wizard on June 11, 2019.
             Was an Elder of Sif Muna.
             Slain by a fire elemental (13 damage)
             ... in a volcano.
             The game lasted 00:59:35 (15313 turns).

doot the Thaumaturge (Deep Elf Wizard)             Turns: 15313, Time: 00:59:35

Health: -1/57      AC:  9    Str:  8    XL:     11   Next: 65%
Magic:  39/39      EV: 21    Int: 36    God:    Sif Muna [****..]
Gold:   956        SH:  0    Dex: 20    Spells: 16/37 levels left

rFire    . . .     SeeInvis .   K - +3 scimitar "Zoedoeg" {elec, Int+2}
rCold    + . .     Gourm    .   (no shield)
rNeg     + . .     Faith    .   (no armour)
rPois    +         Spirit   .   b - +1 hat
rElec    .         Reflect  .   w - +2 cloak {+Inv}
rCorr    .         Harm     .   (no gloves)
MR       ++...     Clarity  +   E - +2 pair of boots "Gamy" {-Tele rPois rN+ Dex+2} Stlth +++++.....NoTele +
                                H - amulet of the Rabble {MR+ Regen+}
HPRegen  0.59/turn              z - ring of magical power
MPRegen  0.26/turn              J - ring of Surprise {rC+ Str+4 Int+2}

@: brilliant, agile, hasted, studying Shields, divine energy, very quick
A: iridescent scales 1, clarity
a: Stop Divine Energy, Channel Magic, Forget Spell, Renounce Religion, Evoke
Invisibility


You were in a volcano.
You worshipped Sif Muna.
Sif Muna was greatly pleased with you.
You were hungry.

You visited 3 branches of the dungeon, and saw 13 of its levels.
You also visited: Volcano.

You collected 956 gold pieces.

Inventory:

Hand Weapons
 n - a +5 dagger of venom
 K - the +3 scimitar "Zoedoeg" (weapon) {elec, Int+2}
   (You took it off an orc warrior on level 7 of the Dungeon)

   Occasionally, upon striking a foe, it will discharge some electrical energy
   and cause terrible harm.
   It affects your intelligence (+2).
 Q - the +5 whip "Wiamear" {flame, Int+8}
   (You took it off an orc warrior on level 9 of the Dungeon)

   It has been specially enchanted to burn those struck by it, causing extra
   injury to most foes and up to half again as much damage against particularly
   susceptible opponents.
   It affects your intelligence (+8).
Armour
 b - a +1 hat (worn)
 c - the +1 cloak "Ecun" {rF+ rC+ Str-3 Dex+4}
   (You found it on level 9 of the Dungeon)

   It affects your strength (-3).
   It affects your dexterity (+4).
   It protects you from fire.
   It protects you from cold.
 v - a +3 leather armour
 w - a +2 cloak of invisibility (worn)
 E - the +2 pair of boots "Gamy" (worn) {-Tele rPois rN+ Dex+2}
   (You found it on level 7 of the Dungeon)

   It affects your dexterity (+2).
   It protects you from poison.
   It protects you from negative energy.
   It prevents most forms of teleportation.
 L - the cursed +0 chain mail of the Foremost Wonders {rElec rF+ Dex+3}
   (You took it off an orc warrior on level 7 of the Dungeon)

   It affects your dexterity (+3).
   It protects you from fire.
   It insulates you from electricity.
   It has a curse placed upon it.
 T - the +7 chain mail of the Cooper {rF+++ Str-3 Int-3 SInv}
   (You took it off an orc warrior on level 9 of the Dungeon)

   It affects your strength (-3).
   It affects your intelligence (-3).
   It renders you almost immune to fire.
   It lets you see invisible.
 X - the cursed +0 chain mail of the Soldier {MR+, unknown}
   (You found it on level 1 of the Lair of Beasts)

   It affects your resistance to hostile enchantments.
   It has a curse placed upon it.
Jewellery
 j - a +3 ring of protection
 p - an uncursed amulet of the gourmand
 z - a ring of magical power (left hand)
 H - the amulet of the Rabble (around neck) {MR+ Regen+}
   (You found it on level 7 of the Dungeon)

   [amulet of regeneration]

   It affects your resistance to hostile enchantments.
   It increases your rate of regeneration.
 I - an uncursed ring of protection from fire
 J - the ring of Surprise (right hand) {rC+ Str+4 Int+2}
   (You found it on level 6 of the Dungeon)

   [ring of strength]

   It affects your strength (+4).
   It affects your intelligence (+2).
   It protects you from cold.
 P - an uncursed ring of see invisible
 U - an uncursed ring of positive energy
Wands
 a - a wand of disintegration (11)
 m - a wand of polymorph (4)
 C - a wand of paralysis (20)
 M - a wand of iceblast (7)
Scrolls
 e - a scroll of enchant weapon
 f - 5 scrolls of amnesia
 g - 2 scrolls of fog
 l - 3 scrolls of remove curse
 o - 4 scrolls of fear
 r - 2 scrolls of enchant armour
 y - 2 scrolls of magic mapping
 A - a scroll of teleportation
 O - a scroll of identify
Potions
 i - 2 potions of flight
 u - 4 potions of degeneration
 x - 2 potions of agility
 F - 2 potions of might
 G - a potion of brilliance
Books
 B - a manual of Shields
Comestibles
 d - 15 rations
 V - 6 chunks of flesh


   Skills:
 + Level 2.1 Fighting
 + Level 3.1(4.5) Short Blades
 + Level 4.7(5.1) Long Blades
 + Level 2.9 Armour
 + Level 5.9 Dodging
 + Level 7.7 Stealth
 + Level 13.9 Spellcasting
 + Level 6.8 Conjurations
 + Level 4.2 Hexes
 + Level 5.4 Summonings
 + Level 3.9 Translocations
 + Level 3.4 Fire Magic
 + Level 2.5 Air Magic
 + Level 3.7 Poison Magic
 + Level 2.0 Evocations


You had 16 spell levels left.
You knew the following spells:

 Your Spells              Type           Power        Failure   Level  Hunger
a - Magic Dart            Conj           ####         1%          1    None
b - Blink                 Tloc           N/A          1%          2    None
c - Call Imp              Summ           ######..     1%          2    None
d - Slow                  Hex            ######..     1%          2    None
e - Conjure Flame         Conj/Fire      ######..     1%          3    None
f - Mephitic Cloud        Conj/Pois/Air  ######..     1%          3    None
g - Yara's Violent Unrav  Hex/Tmut       ######....   2%          5    None
h - Confuse               Hex            ######..     1%          3    None

Your spell library contained the following spells:

 Spells                   Type           Power        Failure   Level  Hunger
 Animate Skeleton         Necr           N/A          1%          1    None
 Apportation              Tloc           ######       1%          1    None
 Confusing Touch          Hex            ######       1%          1    None
 Summon Small Mammal      Summ           ####         1%          1    None
 Gell's Gravitas          Tloc           ######....   1%          3    None
 Petrify                  Tmut/Erth      #####...     1%          4    None
 Metabolic Englaciation   Hex/Ice        ######....   2%          5    None


Dungeon Overview and Level Annotations

Branches:
Dungeon (11/15)            Temple (1/1) D:7            Lair (1/6) D:9
    Orc (0/2) D:10

Altars:
Ashenzari
Cheibriados
Dithmenos
Elyvilon
Fedhas
Gozag
Hepliaklqana
Kikubaaqudgha
Makhleb
Nemelex Xobeh
Okawaru
Qazlal
Ru
Sif Muna
Trog
Uskayaw
Vehumet
Wu Jian
Xom
Yredelemnul
Zin
The Shining One
Beogh

Shops:
D:8 %

Annotations:
D:9 Monsterracer's ghost, novice FoEn


Innate Abilities, Weirdness & Mutations

You are partially covered in iridescent scales. (AC +2)
You possess an exceptional clarity of mind.


Message History

Casting: Call Imp (safe; 1% risk of failure)
Confirm with . or Enter, or press ? or * to list all spells.
Aiming: Conjure Flame (safe; 1% risk of failure)
Press: ? - help, Dir - move target cursor The fire ignites!
The fire elemental hits you. The fire elemental burns you!
* * * LOW HITPOINT WARNING * * *
The gargoyle hits your crimson imp with a +0 flail!
Your crimson imp dies!
Unknown command.
You feel better. The fire elemental hits you. The fire elemental burns you!
* * * LOW HITPOINT WARNING * * *
Unknown command.
Okay, then.
Your crimson imp misses the fire elemental.
The gargoyle hits your crimson imp with a +0 flail.
The fire elemental misses you.
Unknown command.
It was a potion of magic.
Magic courses through your body. The fire elemental hits you.
The fire elemental burns you!
You die...

### ## ###.###
##.###@5[..#####
..∩..##E9###.°..
#.%!###.# .☼$∩
#.9.####.E.
#..#☼#☼# #
##....##...
##.......##
#...∩∩....#
.........####..(


You could see a fire elemental, a gargoyle and a friendly crimson imp.

Vanquished Creatures
  A lindwurm (Lair:1)
  The ghost of brikk the Insei, a novice OpTm of Makhleb (D:7)
  Pikel (D:7)
  A gargoyle (Volcano)
  2 komodo dragons (Lair:1)
  2 trolls
  A meliai zombie (D:11)
  A vampire (D:10)
  A wraith (D:10)
  8 yaks (D:9)
  A wyvern (D:9)
  3 fire elementals (Volcano)
  2 basilisks (D:9)
  9 orc warriors
  5 porcupines
  2 water moccasins (Lair:1)
  3 ice beasts
  7 sky beasts
  3 slaves (D:7)
  A phantom (D:4)
  A black bear (D:8)
  7 ogres
  8 centaurs
  3 crocodiles
  3 big kobolds (D:10)
  4 gnoll sergeants (D:10)
  2 wyvern zombies
  4 bullfrogs
  7 scorpions
  2 wights (D:10)
  11 killer bees
  3 howler monkeys
  6 crimson imps
  3 orc wizards
  2 quasits
  2 jellies
  A bullfrog skeleton (D:4)
  3 hounds
  7 orc priests
  2 centaur skeletons
  Crazy Yiuf (D:3)
  Ijyb (D:3)
  2 iguanas
  7 worker ants
  A statue (D:6)
  3 killer bee zombies
  A hound skeleton (D:4)
  A hound zombie (D:6)
  A mummy (D:6)
  13 gnolls
  A howler monkey skeleton (D:10)
  11 adders
  2 shadow imps
  3 oozes
  3 adder skeletons
  2 adder zombies
  3 worms
  A dart slug (D:1)
  10 leopard geckos
  44 orcs
  6 bats
  6 giant cockroaches
  6 goblins
  7 hobgoblins
  9 jackals
  2 kobolds
  4 quokkas
  3 ball pythons
  5 frilled lizards
  2 leopard gecko skeletons
  7 rats
304 creatures vanquished.

Vanquished Creatures (collateral kills)
  A spiny frog (Lair:1)
  A fire elemental (Volcano)
  A water moccasin (Lair:1)
  An orc warrior (D:9)
  A centaur (D:9)
  A bullfrog (Lair:1)
  A gnoll sergeant (D:10)
  A killer bee (D:10)
  6 crimson imps
  An iguana (D:4)
  2 gnolls
  A howler monkey skeleton (D:6)
  3 orcs (D:9)
21 creatures vanquished.

Vanquished Creatures (others)
  A giant cockroach (D:7)
  2 fungi (D:9)
  5 plants (D:9)
8 creatures vanquished.

Grand Total: 333 creatures vanquished

Notes
Turn   | Place    | Note
-------+----------+-------------------------------------------
     0 | D:1      | doot the Deep Elf Wizard began the quest for the Orb.
     0 | D:1      | Reached XP level 1. HP: 10/10 MP: 7/7
   128 | D:1      | Reached skill level 5 in Spellcasting
   186 | D:1      | Reached XP level 2. HP: 9/15 MP: 6/10
   190 | D:1      | Learned a level 2 spell: Blink
   193 | D:1      | Learned a level 2 spell: Call Imp
   196 | D:1      | Learned a level 2 spell: Slow
   689 | D:1      | Reached XP level 3. HP: 19/19 MP: 12/12
   694 | D:1      | Learned a level 3 spell: Conjure Flame
   699 | D:1      | Learned a level 3 spell: Mephitic Cloud
  1773 | D:2      | Reached skill level 6 in Spellcasting
  2419 | D:3      | Reached XP level 4. HP: 17/24 MP: 4/14
  2624 | D:3      | Reached skill level 1 in Short Blades
  2706 | D:3      | Noticed Ijyb
  2727 | D:3      | Killed Ijyb
  2822 | D:3      | Found an opulent altar of Gozag.
  2906 | D:3      | Found a shimmering altar of Xom.
  2957 | D:3      | Reached XP level 5. HP: 23/28 MP: 7/15
  3151 | D:3      | Found a runed translucent door.
  3152 | D:3      | Noticed Crazy Yiuf
  3165 | D:3      | Killed Crazy Yiuf
  3381 | D:3      | Found a faded altar of an unknown god.
  3759 | D:4      | Reached XP level 6. HP: 33/33 MP: 13/17
  3897 | D:4      | Reached skill level 7 in Spellcasting
  3918 | D:4      | Found a bloodstained altar of Trog.
  3918 | D:4      | Found a hazy altar of Hepliaklqana.
  4737 | D:4      | Reached XP level 7. HP: 24/37 MP: 20/20
  5218 | D:5      | Entered Level 5 of the Dungeon
  5336 | D:5      | Reached skill level 8 in Spellcasting
  5336 | D:5      | Reached skill level 1 in Fighting
  5336 | D:5      | Reached skill level 1 in Armour
  5929 | D:5      | Reached skill level 1 in Poison Magic
  6153 | D:5      | Reached skill level 5 in Stealth
  6210 | D:5      | Reached skill level 1 in Air Magic
  6210 | D:5      | Reached XP level 8. HP: 11/43 MP: 1/22
  6493 | D:5      | Found a burning altar of Makhleb.
  6624 | D:6      | Reached skill level 9 in Spellcasting
  6891 | D:7      | Found a runed translucent gate.
  6917 | D:7      | Found a staircase to the Ecumenical Temple.
  6945 | D:7      | Reached skill level 1 in Fire Magic
  6945 | D:7      | Reached skill level 1 in Evocations
  6951 | D:7      | Noticed Pikel
  6960 | Temple   | Entered the Ecumenical Temple
  7102 | Temple   | Became a worshipper of Sif Muna the Loreminder
  7154 | D:7      | Killed Pikel
  7154 | D:7      | Reached skill level 10 in Spellcasting
  7154 | D:7      | Reached XP level 9. HP: 46/47 MP: 16/25
  7649 | D:7      | Reached * piety under Sif Muna
  7833 | D:7      | Found a runed translucent gate.
  7833 | D:7      | Found a runed translucent gate.
  7833 | D:7      | Noticed brikk's ghost (novice OpTm)
  7833 | D:7      | Identified the cursed +3 scimitar "Zoedoeg" {elec, Int+2}
  7833 | D:7      | Identified the cursed +0 chain mail of the Foremost Wonders
                  | {rElec rF+ Dex+3}
  7835 | D:7      | Found a roughly hewn altar of Beogh.
  7957 | D:7      | Got a bound steel amulet
  8377 | D:7      | Killed brikk's ghost
  8377 | D:7      | Reached skill level 11 in Spellcasting
  8528 | D:7      | Got a pair of slimy boots
  8558 | D:7      | Identified the +2 pair of boots "Gamy" {-Tele rPois rN+
                  | Dex+2} (You found it on level 7 of the Dungeon)
  8716 | D:7      | Identified the amulet of the Rabble {MR+ Regen+} (You found
                  | it on level 7 of the Dungeon)
  8725 | D:7      | Gained mutation: You are frail. (-10% HP) [potion of
                  | mutation]
  8725 | D:7      | Gained mutation: Your spells are a little harder to cast,
                  | but a little more powerful. [potion of mutation]
  8725 | D:7      | Gained mutation: You passively map a small area around you.
                  | [potion of mutation]
  8726 | D:7      | Lost mutation: You are frail. (-10% HP) [potion of
                  | mutation]
  8726 | D:7      | Lost mutation: You passively map a small area around you.
                  | [potion of mutation]
  8726 | D:7      | Lost mutation: Your spells are a little harder to cast, but
                  | a little more powerful. [potion of mutation]
  8726 | D:7      | Gained mutation: You are partially covered in iridescent
                  | scales. (AC +2) [potion of mutation]
  8726 | D:7      | Gained mutation: You possess an exceptional clarity of
                  | mind. [potion of mutation]
  9197 | D:6      | Reached ** piety under Sif Muna
  9372 | D:6      | Reached skill level 1 in Long Blades
  9372 | D:6      | Reached skill level 5 in Dodging
  9577 | D:6      | Reached skill level 5 in Conjurations
  9633 | D:6      | Found a radiant altar of Vehumet.
  9648 | D:6      | Got a serpentine amber ring
  9652 | D:6      | Identified the ring of Surprise {rC+ Str+4 Int+2} (You
                  | found it on level 6 of the Dungeon)
  9801 | D:8      | Found Gatoat's Food Shop.
  9816 | D:8      | Reached XP level 10. HP: 52/52 MP: 27/27
 11000 | D:8      | Reached skill level 12 in Spellcasting
 11294 | D:9      | Found a runed translucent gate.
 11294 | D:9      | Found a runed translucent gate.
 11294 | D:9      | Noticed Monsterracer's ghost (novice FoEn)
 11295 | D:9      | Found a roughly hewn altar of Beogh.
 11295 | D:9      | Found a runed translucent gate.
 11298 | D:9      | Identified the +5 whip "Wiamear" {flame, Int+8}
 11298 | D:9      | Identified the +7 chain mail of the Cooper {rF+++ Str-3
                  | Int-3 SInv}
 11777 | D:9      | Found a staircase to the Lair.
 11888 | D:9      | Reached *** piety under Sif Muna
 12149 | D:9      | Reached skill level 5 in Summonings
 12646 | D:9      | Reached XP level 11. HP: 43/57 MP: 29/29
 13019 | D:9      | Identified the +1 cloak "Ecun" {rF+ rC+ Str-3 Dex+4} (You
                  | found it on level 9 of the Dungeon)
 13052 | D:10     | Entered Level 10 of the Dungeon
 13145 | D:10     | Learned a level 5 spell: Yara's Violent Unravelling
 13367 | D:10     | Learned a level 3 spell: Confuse
 13611 | D:10     | Reached skill level 13 in Spellcasting
 14152 | D:10     | Noticed a two-headed ogre
 14605 | D:10     | Found a staircase to the Orcish Mines.
 14653 | D:10     | Reached **** piety under Sif Muna
 14861 | Lair:1   | Entered Level 1 of the Lair of Beasts
 14901 | Lair:1   | Reached skill level 1 in Hexes
 15016 | Lair:1   | Got a jet-encrusted chain mail
 15180 | Lair:1   | Found a dark tunnel.
 15182 | Lair:1   | Noticed a lindwurm
 15191 | Lair:1   | Killed a lindwurm
 15226 | Volcano  | Entered a volcano
 15307 | Volcano  | HP: 2/57 [fire elemental (11)]
 15313 | Volcano  | Slain by a fire elemental

Skill      XL: |  1  2  3  4  5  6  7  8  9 10 11 |
---------------+----------------------------------+-----
Spellcasting   | 5 6 7 8 10 11 12 13 | 13.9
Short Blades   | 1 2 3 |  3.1
Stealth        | 3 4 5 6 7 |  7.7
Conjurations   | 2 3 5 6 |  6.8
Summonings     | 2 3 4 5 |  5.4
Dodging        | 3 4 5 |  5.9
Fighting       | 1 2 |  2.1
Armour         | 1 2 |  2.9
Poison Magic   | 1 2 3 |  3.7
Air Magic      | 1 2 |  2.5
Translocations | 3 |  3.9
Fire Magic     | 1 2 3 |  3.4
Evocations     | 1 2 |  2.0
Long Blades    | 1 4 |  4.7
Hexes          | 4 |  4.2

Action                   |  1- 3 |  4- 6 |  7- 9 | 10-12 || total
-------------------------+-------+-------+-------+-------++-------
Melee: Dagger            |    59 |    76 |   122 |       ||   257
       Scimitar          |       |       |    68 |   215 ||   283
 Cast: Magic Dart        |    64 |    42 |    98 |   337 ||   541
       Blink             |     3 |     3 |     8 |       ||    14
       Mephitic Cloud    |     2 |    10 |    26 |    42 ||    80
       Conjure Flame     |     2 |     8 |    23 |    39 ||    72
       Call Imp          |       |    17 |    16 |    60 ||    93
       Confuse           |       |       |       |    31 ||    31
       Slow              |       |       |       |     1 ||     1
Invok: Divine Energy     |       |       |     1 |       ||     1
 Abil: Evoke Invisibilit |       |       |     5 |     2 ||     7
Evoke: Wand              |       |       |       |     3 ||     3
  Use: Potion            |       |       |     5 |    14 ||    19
       Scroll            |       |       |     9 |     9 ||    18
 Stab: Sleeping          |     6 |       |     4 |     2 ||    12
       Confused          |       |     1 |     5 |    21 ||    27
       Invisible         |       |       |     4 |     2 ||     6
  Eat: Chunk             |     4 |    12 |    17 |    14 ||    47
Armor: Robe              |     7 |     1 |       |       ||     8
       Leather armour    |       |    19 |    83 |    89 ||   191
       Skin              |       |       |     8 |    20 ||    28
Dodge: Dodged            |    33 |    45 |   143 |   219 ||   440
       Rpst.: Scimitar   |       |       |    19 |    65 ||    84
